[Event "Invitational"]
[Site "Chess.com"]
[Date "2021.02.14"]
[Round "5"]
[White "Zhang, Victor"]
[Black "Colombo, Dominic"]
[Result "1-0"]
[ECO "B92"]
[WhiteElo "1734"]
[BlackElo "1960"]
[PlyCount "115"]
[EventDate "2021.??.??"]
[TimeControl "3600+10"]

1. e4 c5 2. Nf3 d6 3. d4 cxd4 4. Nxd4 Nf6 5. Nc3 a6 6. Be3 e5 7. Nb3 Be6 8. Be2
Be7 9. O-O O-O 10. f4 exf4 11. Bxf4 Nc6 12. Qd2 b5 13. Bf3 Ne5 14. Nd5 Nxf3+
15. Rxf3 Nxe4 16. Qd3 Bxd5 17. Qxd5 Nf6 18. Qd3 Ng4 19. Re1 Qb6+ 20. Qd4 Qxd4+
21. Nxd4 Bf6 22. c3 Be5 23. Nf5 Rfe8 24. Bxe5 Rxe5 25. Ref1 d5 26. Rg3 Nf6 27.
Rxg7+ Kf8 28. Rg3 Rae8 29. Rgf3 R8e6 30. Nd4 Ke7 31. Nxe6 Rxe6 32. h3 h5 33. g4
hxg4 34. hxg4 Nxg4 35. Rxf7+ Kd6 36. Ra7 Kc5 37. Rff7 Kc4 38. Rf4+ Re4 39.
Rxe4+ dxe4 40. Rxa6 Ne3 41. Rd6 Nd5 42. Kf2 Kc5 43. Rd8 Nb6 44. Rd4 Na4 45. Rb4
Nb6 46. Rxe4 Kd5 47. Rb4 Kc5 48. Ke3 Nd5+ 49. Kd3 Nxb4+ 50. cxb4+ Kxb4 51. Kd4
Ka4 52. Kc5 b4 53. b3+ Ka3 54. Kc4 Kxa2 55. Kxb4 Kb2 56. Kc4 Ka3 57. b4 Ka4 58.
Kc5 {arbok2008 won by resignation} 1-0

[Event "Invitational"]
[Site "Chess.com"]
[Date "2021.02.14"]
[Round "5"]
[White "Ackerman, Ryan"]
[Black "Bell, Harry"]
[Result "1-0"]
[ECO "B33"]
[WhiteElo "1922"]
[BlackElo "2000"]
[PlyCount "72"]
[EventDate "2021.??.??"]
[TimeControl "3600+10"]

1. e4 c5 2. Nf3 Nc6 3. d4 cxd4 4. Nxd4 Nf6 5. Nc3 h5 6. Be2 e5 7. Ndb5 d6 8.
Bg5 a6 9. Na3 Nd4 10. Bxf6 gxf6 11. Bxh5 f5 12. Bf3 b5 13. Nd5 fxe4 14. Bxe4
Bb7 15. c3 Ne6 16. Nf6+ Qxf6 17. Bxb7 Ra7 18. Qf3 Qe7 19. Bc6+ Kd8 20. O-O-O
Rc7 21. Nc2 Nc5 22. Qd5 Kc8 23. h3 Ne6 24. a4 bxa4 25. Bxa4 Kb8 26. Nb4 Qg5+
27. Kb1 Nf4 28. Nxa6+ Ka7 29. Qa5 Rb7 30. Nc5+ Kb8 31. Nxb7 Kxb7 32. Qb5+ Ka7
33. Qd7+ Kb8 34. Qe8+ Kc7 35. g3 Ne6 36. Qxf7+ Qe7 {KnackMate won by
resignation} 1-0

[Event "Invitational"]
[Site "Chess.com"]
[Date "2021.02.14"]
[Round "5"]
[White "Anoop, Pranav K."]
[Black "Leslie, Cameron"]
[Result "1-0"]
[ECO "B35"]
[WhiteElo "1951"]
[BlackElo "2030"]
[PlyCount "61"]
[EventDate "2021.??.??"]
[TimeControl "3600+10"]

1. e4 c5 2. Nf3 g6 3. d4 cxd4 4. Nxd4 Nc6 5. Nc3 Bg7 6. Be3 Nf6 7. Bc4 O-O 8.
Bb3 a5 9. a4 Ng4 10. Nxc6 Nxe3 11. Nxd8 Nxd1 12. Nxd1 Rxd8 13. c3 b6 14. Ne3
Ba6 15. Bc4 Bb7 16. f3 e6 17. Rd1 Rac8 18. Kf2 f5 19. Bb5 d5 20. exd5 exd5 21.
Nc2 d4 22. Nxd4 Bxd4+ 23. Rxd4 Rxd4 24. cxd4 Rc2+ 25. Kg3 Rxb2 26. Rc1 Rd2 27.
Rc7 Bd5 28. Rd7 Ba2 29. Kf4 Rxg2 30. Ke5 Re2+ 31. Bxe2 {P_K_A won by
resignation} 1-0

[Event "Championship"]
[Site "Chess.com"]
[Date "2021.02.14"]
[Round "6"]
[White "He, Anthony"]
[Black "Porter, Ryan"]
[Result "1-0"]
[ECO "B07"]
[WhiteElo "2500"]
[BlackElo "2310"]
[PlyCount "83"]
[EventDate "2021.??.??"]
[TimeControl "3600+10"]

1. e4 d6 2. d4 Nf6 3. Nc3 e5 4. dxe5 dxe5 5. Qxd8+ Kxd8 6. Bc4 Be6 7. Bxe6 fxe6
8. f3 Bd6 9. Nh3 Ke7 10. Nf2 Nc6 11. Be3 a6 12. Nd3 Nd7 13. Nb1 Nd4 14. Kd1 c5
15. Nd2 b5 16. c3 Nc6 17. b3 Na5 18. c4 Nc6 19. Ke2 b4 20. a4 h6 21. h4 g6 22.
Kd1 Raf8 23. Kc2 Nd4+ 24. Kb2 Nb8 25. Bxd4 exd4 26. e5 Bc7 27. Ne4 Nd7 28.
Nexc5 Nxc5 29. Nxc5 a5 30. Nd3 g5 31. Rae1 Rhg8 32. Re2 Rf5 33. Kc2 g4 34. f4
g3 35. h5 Rg4 36. Re4 Bb8 37. Kd2 Ba7 38. Ke2 Rg8 39. Rh3 Rg7 40. c5 Kd7 41.
Rxd4+ Kc7 42. Rd6 {0gZPanda won by resignation} 1-0

[Event "Championship"]
[Site "Chess.com"]
[Date "2021.02.14"]
[Round "6"]
[White "Mahajan, Rushaan"]
[Black "Levine, Joseph"]
[Result "1-0"]
[ECO "E17"]
[WhiteElo "2221"]
[BlackElo "2179"]
[PlyCount "113"]
[EventDate "2021.??.??"]
[TimeControl "3600+10"]

1. Nf3 d5 2. g3 Nf6 3. Bg2 e6 4. c4 Be7 5. d4 O-O 6. Nc3 Nbd7 7. b3 b6 8. Bb2
Bb7 9. O-O c5 10. Ne1 Qc8 11. cxd5 exd5 12. dxc5 Nxc5 13. Nb5 Ne6 14. Nd3 Ne4
15. Rc1 Qd7 16. a4 Rfc8 17. Ne5 Qd8 18. Bxe4 dxe4 19. Qxd8+ Nxd8 20. Nc7 f6 21.
Nxa8 Rxa8 22. Nc4 Ne6 23. Rfd1 Kf8 24. Ba3 Bxa3 25. Nxa3 Ke7 26. Nb5 g6 27. Nc7
Rc8 28. Nxe6 Kxe6 29. Rxc8 Bxc8 30. Rd8 Bb7 31. Rh8 h5 32. Rh7 Bd5 33. b4 a6
34. Ra7 Bc4 35. Rb7 Bxe2 36. Rxb6+ Ke5 37. b5 axb5 38. a5 Bf3 39. a6 Kd4 40.
Rxb5 g5 41. Rf5 g4 42. a7 e3 43. fxe3+ Kd3 44. Rxf3 gxf3 45. a8=Q Ke2 46. Qa2+
Kxe3 47. Qf2+ Ke4 48. Kf1 Kf5 49. Qxf3+ Kg5 50. h4+ Kg6 51. g4 hxg4 52. Qxg4+
Kh6 53. Qf5 Kg7 54. h5 Kf7 55. h6 Kf8 56. Qxf6+ Kg8 57. Qg7# {chesslion06 won
by checkmate} 1-0

[Event "Championship"]
[Site "Chess.com"]
[Date "2021.02.14"]
[Round "6"]
[White "Readey, John"]
[Black "Vijayakumar, Advaith"]
[Result "1/2-1/2"]
[ECO "E09"]
[WhiteElo "2289"]
[BlackElo "2026"]
[PlyCount "60"]
[EventDate "2021.??.??"]
[TimeControl "3600+10"]

1. d4 Nf6 2. c4 e6 3. g3 d5 4. Nf3 Be7 5. Bg2 O-O 6. O-O Nbd7 7. Qc2 c6 8. Nbd2
b6 9. e4 dxc4 10. Nxc4 Bb7 11. Rd1 c5 12. Ng5 h6 13. e5 Bxg2 14. exf6 Nxf6 15.
Kxg2 hxg5 16. dxc5 Nd5 17. cxb6 axb6 18. Ne3 Ra5 19. Qe4 Qa8 20. Nxd5 Rxd5 21.
Rxd5 Qxd5 22. Qxd5 exd5 23. Be3 Bf6 24. Bxb6 Rb8 25. Be3 Rxb2 26. a4 d4 27. Bc1
Rc2 28. Ba3 d3 29. Rd1 Rc4 30. Rxd3 Rxa4 {Game drawn by agreement} 1/2-1/2

[Event "Championship"]
[Site "Chess.com"]
[Date "2021.02.14"]
[Round "6"]
[White "Sang, Tian"]
[Black "Airapetian, Chouchanik"]
[Result "1-0"]
[ECO "C54"]
[WhiteElo "2344"]
[BlackElo "2104"]
[PlyCount "121"]
[EventDate "2021.??.??"]
[TimeControl "3600+10"]

1. e4 e5 2. Nf3 Nc6 3. Bc4 Bc5 4. c3 Nf6 5. d3 d6 6. O-O h6 7. Re1 O-O 8. Bb3
Bg4 9. h3 Bd7 10. Nbd2 Qc8 11. Nf1 Bb6 12. a4 a6 13. Be3 Bxe3 14. Nxe3 Na5 15.
Bc2 b5 16. Nh4 Kh7 17. b4 Nc6 18. Rf1 Qd8 19. axb5 axb5 20. Rxa8 Qxa8 21. f4
Qa7 22. Qe1 Nh5 23. fxe5 dxe5 24. Kh2 Ne7 25. Nd5 Ng8 26. Nf5 c6 27. Nde3 Nf4
28. d4 Ng6 29. Ng4 f6 30. dxe5 fxe5 31. Qg3 Qb8 32. Rd1 Be6 33. Qd3 Nf4 34. Qd6
Qe8 35. Qxe5 Bxf5 36. exf5 Qxe5 37. Nxe5 Rf6 38. Nd7 Rf7 39. f6+ g6 40. Bb3 Nd5
41. Bxd5 cxd5 42. Rxd5 h5 43. g4 hxg4 44. hxg4 Nh6 45. Kg3 Kg8 46. g5 Nf5+ 47.
Kf4 Ng7 48. Ke5 Ne8 49. Nc5 Ra7 50. Rd7 Rxd7 51. Nxd7 Kf7 52. Kd5 Nc7+ 53. Kd6
Ne8+ 54. Kc6 Ke6 55. Ne5 Nd6 56. f7 Nxf7 57. Nxf7 Kxf7 58. Kxb5 Ke6 59. Kc6 Kf5
60. b5 Kxg5 61. b6 {pawnbing won by resignation} 1-0

[Event "Premier"]
[Site "Chess.com"]
[Date "2021.02.14"]
[Round "6"]
[White "Moroney, Tim"]
[Black "Chang, Eddie"]
[Result "1/2-1/2"]
[ECO "B52"]
[WhiteElo "2048"]
[BlackElo "1897"]
[PlyCount "111"]
[EventDate "2021.??.??"]
[TimeControl "3600+10"]

1. e4 c5 2. Nf3 d6 3. Bb5+ Bd7 4. Bxd7+ Nxd7 5. c4 Ngf6 6. Nc3 e6 7. d4 cxd4 8.
Nxd4 a6 9. O-O Be7 10. Qe2 Rc8 11. a4 O-O 12. a5 Ne5 13. b3 Rc5 14. f4 Rxa5 15.
Rb1 Qb6 16. Be3 Neg4 17. h3 Nxe3 18. Qxe3 e5 19. Nf5 Qxe3+ 20. Nxe3 exf4 21.
Nf5 Re5 22. Rxf4 Re8 23. Rd1 h6 24. Rd3 Bf8 25. Nxh6+ gxh6 26. Rxf6 Kg7 27.
Rdf3 R8e7 28. Rxd6 R7e6 29. Rd7 Bc5+ 30. Kf1 Re7 31. Rfd3 b5 32. Rxe7 Rxe7 33.
Rg3+ Kh7 34. cxb5 axb5 35. Nd5 Re6 36. Rg4 Bd4 37. g3 Ra6 38. Ke2 Be5 39. Kd3
Ra3 40. Kc2 Ra2+ 41. Kd3 Rg2 42. Nc3 h5 43. Rg5 f6 44. Rxh5+ Kg6 45. Rxe5 Rxg3+
46. Kc2 fxe5 47. Nxb5 Rxh3 48. b4 Kg5 49. Nc3 Kf4 50. Kb3 Rh8 51. b5 Rb8 52.
Kc4 Rc8+ 53. Kb4 Rb8 54. Kc5 Rc8+ 55. Kb4 Rb8 56. Kc5 {Game drawn by agreement}
1/2-1/2

[Event "Premier"]
[Site "Chess.com"]
[Date "2021.02.14"]
[Round "6"]
[White "Perez, Ignacio"]
[Black "Nguyen, Thanh"]
[Result "0-1"]
[ECO "D94"]
[WhiteElo "2244"]
[BlackElo "2053"]
[PlyCount "168"]
[EventDate "2021.??.??"]
[TimeControl "3600+10"]

1. d4 Nf6 2. Nf3 g6 3. c4 Bg7 4. Nc3 d5 5. e3 c6 6. Bd3 dxc4 7. Bxc4 b5 8. Bb3
a6 9. Ne5 O-O 10. h4 Qc7 11. h5 Nxh5 12. g4 Bxe5 13. gxh5 Bg7 14. hxg6 hxg6 15.
Qf3 Qd7 16. Qg2 Qg4 17. Qh2 Qh5 18. Qg1 Qg4 19. Qf1 e5 20. dxe5 Bxe5 21. Rg1
Qf5 22. Bd2 Be6 23. O-O-O Bxb3 24. axb3 Qf3 25. Rh1 a5 26. Rh3 Qg4 27. f4 Bg7
28. Ne4 Qe6 29. f5 Qxe4 30. f6 b4 31. fxg7 Kxg7 32. Qf2 Na6 33. Rh4 Qe6 34. e4
Rh8 35. Bg5 Rxh4 36. Bxh4 Qe5 37. Rf1 f5 38. exf5 Qc5+ 39. Qxc5 Nxc5 40. f6+
Kf7 41. Rf3 Rh8 42. Bf2 Rh1+ 43. Kc2 Rf1 44. Rf4 g5 45. Rf5 Ne4 46. Rxa5 Rxf2+
47. Kd3 Nxf6 48. Rxg5 Rf3+ 49. Kc4 Rf4+ 50. Kd3 Ke6 51. Rg6 Ke5 52. Rg5+ Rf5
53. Rg6 Kd5 54. Rh6 Rf3+ 55. Ke2 Re3+ 56. Kd2 Re6 57. Kd3 Kc5 58. Rg6 Rd6+ 59.
Ke2 Nd5 60. Rg5 Rh6 61. Kd3 Rh3+ 62. Kc2 Kb6 63. Re5 Rh2+ 64. Kb1 Nf4 65. Re3
Kc5 66. Rf3 Ne2 67. Rf6 Nd4 68. Ka2 Rh1 69. Rf2 Rh3 70. Rf4 Nxb3 71. Rf2 Kc4
72. Rc2+ Kb5 73. Rg2 Ka4 74. Rg1 Rh2 75. Rg8 Nc1+ 76. Kb1 Nd3 77. Rg3 Rxb2+ 78.
Ka1 Rd2 79. Kb1 Kb3 80. Rg1 c5 81. Rh1 c4 82. Ka1 c3 83. Rb1+ Ka3 84. Rh1 Ra2+
{thanhnguyen-sea won by resignation} 0-1

[Event "Premier"]
[Site "Chess.com"]
[Date "2021.02.14"]
[Round "6"]
[White "Novitski, Charles"]
[Black "Razmov, Valentin"]
[Result "0-1"]
[ECO "B01"]
[WhiteElo "2073"]
[BlackElo "1986"]
[PlyCount "104"]
[EventDate "2021.??.??"]
[TimeControl "3600+10"]

1. e4 d5 2. exd5 Qxd5 3. Nc3 Qa5 4. d4 c6 5. Be3 Bf5 6. Bd3 Bg6 7. Nge2 e6 8.
O-O Nf6 9. f4 Nbd7 10. a3 Bd6 11. b4 Qc7 12. Qd2 Nb6 13. Ng3 Nbd5 14. Nxd5 Nxd5
15. Ne4 Be7 16. c4 Nxe3 17. Qxe3 Bxe4 18. Bxe4 O-O-O 19. Rad1 Kb8 20. d5 c5 21.
b5 Bf6 22. f5 Bd4 23. Rxd4 cxd4 24. Qxd4 exf5 25. Bxf5 g6 26. Bd3 f5 27. Qf4
Qxf4 28. Rxf4 Rhe8 29. Kf2 Re5 30. Rh4 h5 31. Rd4 Kc7 32. h3 Kd6 33. g4 Kc5 34.
Rf4 g5 35. Rxf5 Rxf5+ 36. gxf5 Kd4 37. Ke2 Re8+ 38. Kd2 g4 39. hxg4 hxg4 40. d6
g3 41. Bf1 Rd8 42. c5 Kxc5 43. f6 Rxd6+ 44. Ke3 Rxf6 45. Bg2 b6 46. Bf3 Kxb5
47. Bg2 Ka4 48. Bf3 Kxa3 49. Bg2 b5 50. Kd3 Rf2 51. Bc6 g2 52. Bxg2 Rxg2 {
Coach_Valentin won by resignation} 0-1

[Event "Premier"]
[Site "Chess.com"]
[Date "2021.02.14"]
[Round "6"]
[White "Whale, Nicholas"]
[Black "Haining, Kyle"]
[Result "0-1"]
[ECO "B40"]
[WhiteElo "2074"]
[BlackElo "2288"]
[PlyCount "78"]
[EventDate "2021.??.??"]
[TimeControl "3600+10"]

1. e4 c5 2. Nf3 e6 3. d3 Nc6 4. g3 Nf6 5. Bg2 d5 6. e5 Nd7 7. Qe2 Qc7 8. Bf4 b5
9. O-O Be7 10. a4 b4 11. c3 a5 12. Re1 Nb6 13. d4 Ba6 14. Qd1 Nc4 15. Qc1 bxc3
16. bxc3 cxd4 17. cxd4 Bb4 18. Nbd2 O-O 19. Bf1 Rfc8 20. Nxc4 Bxc4 21. Bd2 Qa7
22. Bxb4 Nxb4 23. Qd2 Bxf1 24. Rxf1 Rc2 25. Qe3 Qd7 26. Rfc1 h6 27. Ne1 Rxc1
28. Qxc1 Rc8 29. Qd1 Rc4 30. Nf3 Qc6 31. Rb1 Rc3 32. Kg2 Rc2 33. Ne1 Rc3 34.
Nf3 Qc4 35. Qf1 Qa2 36. Ra1 Qb2 37. Rb1 Qc2 38. Ra1 Rxf3 39. Kxf3 Qe4# {
5sight won by checkmate} 0-1

[Event "Premier"]
[Site "Chess.com"]
[Date "2021.02.14"]
[Round "6"]
[White "Anand, Vignesh"]
[Black "Malugu, Satyajit"]
[Result "1-0"]
[ECO "E91"]
[WhiteElo "2085"]
[BlackElo "2156"]
[PlyCount "129"]
[EventDate "2021.??.??"]
[TimeControl "3600+10"]

1. d4 Nf6 2. c4 g6 3. Nc3 Bg7 4. e4 d6 5. Be2 c5 6. d5 e6 7. dxe6 Bxe6 8. Nf3
O-O 9. O-O Qb6 10. Qc2 Nc6 11. Rd1 Nd4 12. Nxd4 cxd4 13. Na4 Qc6 14. Rxd4 Nd7
15. Rd1 b5 16. Nc3 Bxc4 17. Bxc4 Qxc4 18. Qd3 Qxd3 19. Rxd3 Nc5 20. Re3 b4 21.
Nd5 a5 22. Re2 Rae8 23. f3 f5 24. Bf4 Bd4+ 25. Be3 Bxe3+ 26. Rxe3 fxe4 27. Rae1
exf3 28. Nf6+ Rxf6 29. Rxe8+ Kg7 30. gxf3 Rxf3 31. R1e7+ Rf7 32. Rxf7+ Kxf7 33.
Ra8 a4 34. Kf1 h5 35. Ke2 g5 36. Rh8 h4 37. Ke3 Kf6 38. Kd4 Kf5 39. Rh6 Ne4 40.
Kc4 a3 41. b3 Ke5 42. Kxb4 d5 43. Kxa3 Kd4 44. Kb4 Ke3 45. Rh8 d4 46. a4 d3 47.
a5 g4 48. a6 d2 49. Rd8 g3 50. hxg3 h3 51. a7 h2 52. a8=Q h1=Q 53. Qa7+ Ke2 54.
Qa6+ Ke3 55. Qd3+ Kf2 56. Rf8+ Ke1 57. Qe3+ Kd1 58. Qd3 Ke1 59. Re8 d1=Q 60.
Rxe4+ Kf2 61. Rf4+ Kg2 62. Qe4+ Kxg3 63. Qe3+ Kg2 64. Qf2+ Kh3 65. Rh4# {
VigneshRar won by checkmate} 1-0

[Event "Invitational"]
[Site "Chess.com"]
[Date "2021.02.14"]
[Round "6"]
[White "Leslie, Cameron"]
[Black "Zhang, Victor"]
[Result "0-1"]
[ECO "A21"]
[WhiteElo "2030"]
[BlackElo "1734"]
[PlyCount "82"]
[EventDate "2021.??.??"]
[TimeControl "3600+10"]

1. c4 e5 2. Nc3 Nc6 3. e3 Bb4 4. Qc2 Nf6 5. Nf3 d5 6. cxd5 Nxd5 7. Bb5 O-O 8.
a3 Bxc3 9. bxc3 Re8 10. d4 e4 11. Ne5 Nxe5 12. dxe5 Rxe5 13. Bb2 Nxe3 14. fxe3
Rxb5 15. c4 Rb6 16. O-O Be6 17. Bd4 Rc6 18. Qxe4 Bxc4 19. Rf2 Bd5 20. Qe5 Rg6
21. Rd1 Be6 22. Rfd2 Qc8 23. Bc5 c6 24. Be7 Bd5 25. e4 Re6 26. Qg5 f6 27. Bxf6
Rxf6 28. exd5 cxd5 29. Qxd5+ Kh8 30. h3 h6 31. Qe4 Qc5+ 32. Kh1 Raf8 33. Qd3
Rf2 34. Rxf2 Rxf2 35. Qd8+ Rf8 36. Qd6 Rf1+ 37. Kh2 Qg1+ 38. Kg3 Rxd1 39. Qf8+
Kh7 40. Qf5+ Kg8 41. Qe6+ Kf8 {arbok2008 won by resignation} 0-1

[Event "Invitational"]
[Site "Chess.com"]
[Date "2021.02.14"]
[Round "6"]
[White "Bian, Erin"]
[Black "Roberts, Teddy"]
[Result "1/2-1/2"]
[ECO "C72"]
[WhiteElo "1795"]
[BlackElo "1934"]
[PlyCount "187"]
[EventDate "2021.??.??"]
[TimeControl "3600+10"]

1. e4 e5 2. Nf3 Nc6 3. Bb5 a6 4. Ba4 d6 5. O-O Bd7 6. d4 b5 7. Bb3 Nxd4 8. Nxd4
exd4 9. c3 dxc3 10. Qh5 Qf6 11. Nxc3 Qg6 12. Qf3 Rc8 13. Re1 c6 14. Bf4 Be7 15.
Rad1 Bg4 16. Qe3 Bxd1 17. Rxd1 Nf6 18. Bxd6 Bxd6 19. Rxd6 O-O 20. e5 Ng4 21.
Qf4 Qh5 22. e6 Qe5 23. Qxe5 Nxe5 24. exf7+ Kh8 25. Ne4 Nxf7 26. Bxf7 Rxf7 27.
b4 Ra7 28. f3 a5 29. a3 axb4 30. axb4 Ra2 31. h4 Rb2 32. Rd4 h6 33. Kh2 Ra8 34.
Kh3 Ra4 35. Rd8+ Kh7 36. Nc5 Raxb4 37. h5 Rc4 38. Ne6 Rcc2 39. Nf4 Rd2 40. Rc8
Rd6 41. Ng6 Rxg6 42. hxg6+ Kxg6 43. Rxc6+ Kh7 44. Rb6 b4 45. g4 b3 46. Kg3 Rb1
47. Kg2 b2 48. f4 Kg8 49. Rb7 Kf8 50. f5 Ke8 51. Kh2 Kd8 52. Kg2 Kc8 53. Rb5
Kc7 54. Rb4 Kc6 55. Rb8 Kd5 56. Rb4 Kc5 57. Rb7 Kd4 58. Kh2 Ke4 59. Kg2 Ke3 60.
Rb3+ Kf4 61. Rb4+ Kg5 62. Kh2 Kf6 63. Kg2 Ke5 64. Rb5+ Kd4 65. Rb8 Kc3 66. Rc8+
Kd2 67. Rb8 Kc3 68. Rc8+ Kd4 69. Rb8 Ke5 70. Rb5+ Kf6 71. Rb6+ Kg5 72. Rb4 h5
73. gxh5 Kxf5 74. Rb5+ Kf6 75. Rb6+ Kg5 76. Rb5+ Kg4 77. Kh2 Kh4 78. Kg2 Ra1
79. Rxb2 Kxh5 80. Rb4 Ra3 81. Kh2 g5 82. Kg2 Ra6 83. Kg3 Rc6 84. Kh3 Rc1 85.
Kg3 Ra1 86. Kh3 Rg1 87. Kh2 Rd1 88. Kh3 Rd3+ 89. Kg2 g4 90. Rb8 Rd2+ 91. Kg3
Rd3+ 92. Kg2 Rd4 93. Kg3 Rd3+ 94. Kg2 {Game drawn by repetition} 1/2-1/2

[Event "Invitational"]
[Site "Chess.com"]
[Date "2021.02.14"]
[Round "6"]
[White "Bell, Harry"]
[Black "Anoop, Pranav K."]
[Result "1-0"]
[ECO "A28"]
[WhiteElo "2000"]
[BlackElo "1951"]
[PlyCount "63"]
[EventDate "2021.??.??"]
[TimeControl "3600+10"]

1. c4 e5 2. Nc3 Nf6 3. Nf3 Nc6 4. e3 Be7 5. d4 exd4 6. exd4 d5 7. c5 O-O 8. Bb5
Bg4 9. Be3 Ne4 10. h3 Bh5 11. g4 Bg6 12. Bxc6 Nxc3 13. bxc3 bxc6 14. Ne5 Be4
15. O-O Bg5 16. f4 f6 17. Nxc6 Qe8 18. Nb4 Bh4 19. Bf2 Bxf2+ 20. Rxf2 h5 21.
gxh5 Kf7 22. f5 Rh8 23. Qg4 Kg8 24. Kh2 Rxh5 25. h4 Kf8 26. Rg1 Qf7 27. c4 Ke7
28. cxd5 Bxf5 29. Rxf5 g5 30. Qe4+ Kf8 31. Rg4 Re8 32. Qf3 {hbell11 won by
resignation} 1-0

[Event "Invitational"]
[Site "Chess.com"]
[Date "2021.02.14"]
[Round "6"]
[White "Mathews, Dan"]
[Black "Ackerman, Ryan"]
[Result "0-1"]
[ECO "D11"]
[WhiteElo "1702"]
[BlackElo "1922"]
[PlyCount "62"]
[EventDate "2021.??.??"]
[TimeControl "3600+10"]

1. Nf3 d5 2. d4 Nf6 3. g3 c6 4. Bg2 Bf5 5. b3 e6 6. Bb2 Nbd7 7. Nbd2 Be7 8. O-O
O-O 9. Ne5 Nxe5 10. dxe5 Nd7 11. c4 Qc7 12. f4 f6 13. exf6 Qb6+ 14. Kh1 Bxf6
15. Bxf6 Nxf6 16. Bf3 Rae8 17. Qe1 Bh3 18. Bg2 Bxg2+ 19. Kxg2 Ng4 20. Nf3 Ne3+
21. Kh1 Nxf1 22. Qxf1 e5 23. cxd5 cxd5 24. Qd1 exf4 25. Qxd5+ Qe6 26. Qh5 fxg3
27. Rg1 Qxe2 28. Rxg3 Qd1+ 29. Kg2 Re2+ 30. Kh3 Qf1+ 31. Kh4 Re4+ {KnackMate
won by resignation} 0-1

[Event "Invitational"]
[Site "Chess.com"]
[Date "2021.02.14"]
[Round "6"]
[White "Colombo, Dominic"]
[Black "Van Weerdhuizen, Lane"]
[Result "0-1"]
[ECO "C11"]
[WhiteElo "1960"]
[BlackElo "1869"]
[PlyCount "68"]
[EventDate "2021.??.??"]
[TimeControl "3600+10"]

1. e4 e6 2. Nc3 d5 3. Nf3 Nf6 4. e5 Nfd7 5. d4 c5 6. dxc5 Bxc5 7. Bd3 Nc6 8.
Bf4 a6 9. Qe2 b5 10. O-O-O Qa5 11. Kb1 b4 12. Nxd5 exd5 13. e6 O-O 14. exd7
Bxd7 15. Ng5 h6 16. Qh5 f5 17. Nh3 Be8 18. Qh4 Rf6 19. Qg3 Bf7 20. f3 d4 21. b3
Ne7 22. Bc4 Bxc4 23. bxc4 Rg6 24. Qf2 d3 25. Qd2 Rd8 26. cxd3 Bd4 27. Qc2 b3
28. Qxb3 Rb6 29. Rc1 Rxb3+ 30. axb3 Qa3 31. Kc2 Nc6 32. Rb1 Qa2+ 33. Kd1 Qxb1+
34. Ke2 Qxh1 {LaneVW won by resignation} 0-1

[Event "Championship"]
[Site "Chess.com"]
[Date "2021.02.14"]
[Round "7"]
[White "Airapetian, Chouchanik"]
[Black "Mahajan, Rushaan"]
[Result "1-0"]
[ECO "B13"]
[WhiteElo "2104"]
[BlackElo "2221"]
[PlyCount "115"]
[EventDate "2021.??.??"]
[TimeControl "3600+10"]

1. e4 c6 2. d4 d5 3. exd5 cxd5 4. Bd3 Nc6 5. c3 Nf6 6. Nf3 Qc7 7. h3 g6 8. Nbd2
Bf5 9. Nf1 Bxd3 10. Qxd3 Ne4 11. Ne3 e6 12. O-O Bg7 13. Nd2 Nxd2 14. Bxd2 O-O
15. f4 Rab8 16. Ng4 Na5 17. Rae1 Nc4 18. Bc1 Nd6 19. Rf3 Ne4 20. Nf2 f5 21. Qe2
b5 22. a3 a5 23. Nd3 b4 24. axb4 axb4 25. Bd2 bxc3 26. Bxc3 Kh8 27. Rc1 Qa7 28.
Qe3 Rfc8 29. Nc5 Rc6 30. Kh2 Kg8 31. Rff1 Nxc5 32. dxc5 Rb3 33. Ra1 Qb7 34.
Rfd1 h5 35. Rxd5 Kh7 36. Rd8 Qc7 37. Rad1 Rb7 38. b4 Qe7 39. Be5 h4 40. Qc3
Bxe5 41. Qxe5 Qg7 42. Qe1 Qe7 43. Ra8 e5 44. Rdd8 exf4 45. Rh8+ Kg7 46. Rag8+
Kf6 47. Qxh4+ Ke5 48. Re8 Re6 49. Rxe7 Rexe7 50. Qe1+ Kf6 51. Qc3+ Ke6 52. Rf8
Kd5 53. Rd8+ Kc6 54. Rd6+ Kb5 55. c6 Rbc7 56. Rd5+ Ka6 57. Ra5+ Kb6 58. Qc5# {
Coachchouchan won by checkmate} 1-0

[Event "Championship"]
[Site "Chess.com"]
[Date "2021.02.14"]
[Round "7"]
[White "Vijayakumar, Advaith"]
[Black "He, Anthony"]
[Result "0-1"]
[ECO "E61"]
[WhiteElo "2026"]
[BlackElo "2500"]
[PlyCount "48"]
[EventDate "2021.??.??"]
[TimeControl "3600+10"]

1. d4 Nf6 2. Nf3 g6 3. e3 Bg7 4. Be2 O-O 5. O-O b6 6. b3 Bb7 7. Bb2 c5 8. c4 e6
9. Nc3 d6 10. Qc2 Qe7 11. Rfd1 a6 12. e4 cxd4 13. Nxd4 Nbd7 14. b4 Rac8 15. f3
d5 16. exd5 exd5 17. Qb3 dxc4 18. Bxc4 Ne5 19. Bf1 Rfd8 20. Nc2 Bxf3 21. gxf3
Nxf3+ 22. Kf2 Nd2 23. Rxd2 Rxd2+ 24. Be2 Rxc3 {0gZPanda won by resignation} 0-1

[Event "Championship"]
[Site "Chess.com"]
[Date "2021.02.14"]
[Round "7"]
[White "Porter, Ryan"]
[Black "Lee, Megan"]
[Result "1/2-1/2"]
[ECO "A29"]
[WhiteElo "2310"]
[BlackElo "2329"]
[PlyCount "81"]
[EventDate "2021.??.??"]
[TimeControl "3600+10"]

1. c4 e5 2. Nc3 Nf6 3. g3 d5 4. cxd5 Nxd5 5. Bg2 Nb6 6. Nf3 Nc6 7. O-O Be7 8.
d3 O-O 9. a3 Be6 10. b4 f6 11. Bb2 Qc8 12. Rc1 a6 13. Ne4 Rd8 14. Nc5 Bxc5 15.
Rxc5 Ne7 16. Nd2 c6 17. a4 Ned5 18. Ba3 Bh3 19. Qb3 Be6 20. Qd1 Kh8 21. a5 Nd7
22. Rc1 Nf8 23. Re1 Rb8 24. Ne4 Bh3 25. Bh1 Ne6 26. Nc5 Nxc5 27. bxc5 Nc7 28.
Qa4 Nb5 29. Bb2 Be6 30. Qb4 Qc7 31. Qd2 Bd5 32. Bxd5 cxd5 33. Qb4 Qc6 34. f4 d4
35. e4 exf4 36. gxf4 Qd7 37. Qd2 Qg4+ 38. Kh1 Qf3+ 39. Kg1 Qg4+ 40. Kh1 Qf3+
41. Kg1 {Game drawn by agreement} 1/2-1/2

[Event "Championship"]
[Site "Chess.com"]
[Date "2021.02.14"]
[Round "7"]
[White "Levine, Joseph"]
[Black "Readey, John"]
[Result "1-0"]
[ECO "B08"]
[WhiteElo "2179"]
[BlackElo "2289"]
[PlyCount "101"]
[EventDate "2021.??.??"]
[TimeControl "3600+10"]

1. e4 d6 2. d4 Nf6 3. Nc3 g6 4. Bg5 c6 5. Nf3 Bg7 6. Qd2 b5 7. Bd3 h6 8. Be3
Ng4 9. Bf4 e5 10. dxe5 Nxe5 11. Nxe5 dxe5 12. Be3 Be6 13. h4 h5 14. a4 b4 15.
Nd1 a5 16. b3 Nd7 17. Nb2 Qe7 18. O-O-O Nc5 19. Kb1 O-O 20. Qe2 Rfd8 21. f3
Nxd3 22. Rxd3 Bf6 23. g3 Rdc8 24. Rdd1 c5 25. Nc4 Qa7 26. Ka2 Qa6 27. Bf2 Be7
28. g4 hxg4 29. fxg4 Rd8 30. g5 Rxd1 31. Rxd1 Bxc4 32. Qxc4 Qxc4 33. bxc4 Rc8
34. Rd7 Kf8 35. Kb2 Ke8 36. Ra7 Bd8 37. Kc1 Rc6 38. Kd2 Bb6 39. Ra8+ Ke7 40.
Rh8 Kd7 41. Ke2 Re6 42. Bg3 Bc7 43. Rh7 Ke7 44. Kf3 Rc6 45. Kg4 Ke6 46. h5
gxh5+ 47. Rxh5 Rd6 48. Rh6+ Kd7 49. Rxd6+ Bxd6 50. Kf5 Kc6 51. Kf6 {
ClydeHillKid won by resignation} 1-0

[Event "Premier"]
[Site "Chess.com"]
[Date "2021.02.14"]
[Round "7"]
[White "Malugu, Satyajit"]
[Black "Whale, Nicholas"]
[Result "0-1"]
[ECO "B12"]
[WhiteElo "2156"]
[BlackElo "2074"]
[PlyCount "46"]
[EventDate "2021.??.??"]
[TimeControl "3600+10"]

1. e4 c6 2. d4 d5 3. f3 Qb6 4. c4 e5 5. c5 Qb4+ 6. Bd2 Qxd4 7. b4 dxe4 8. fxe4
Qxa1 9. Bc4 Qd4 10. Qb3 Qxe4+ 11. Ne2 Qg6 12. O-O Be6 13. Nbc3 Bxc4 14. Qxc4
Qe6 15. Qd3 Nf6 16. Nf4 Qd7 17. Qe2 Qd4+ 18. Kh1 Be7 19. Nh5 Nxh5 20. Qxh5 Rf8
21. Rd1 Nd7 22. Be1 Qc4 23. Rxd7 Qf1# {CheeseBreadFuzzyHead won by checkmate}
0-1

[Event "Premier"]
[Site "Chess.com"]
[Date "2021.02.14"]
[Round "7"]
[White "Razmov, Valentin"]
[Black "Perez, Ignacio"]
[Result "0-1"]
[ECO "E94"]
[WhiteElo "1986"]
[BlackElo "2244"]
[PlyCount "106"]
[EventDate "2021.??.??"]
[TimeControl "3600+10"]

1. d4 Nf6 2. c4 g6 3. Nc3 Bg7 4. e4 d6 5. Be2 O-O 6. Nf3 Nbd7 7. O-O e5 8. Be3
h6 9. dxe5 dxe5 10. Nd2 Ne8 11. f4 exf4 12. Bxf4 c6 13. Kh1 Qe7 14. Qc2 g5 15.
Bg3 Ne5 16. Rae1 Nc7 17. Nf3 Ng6 18. Rd1 Nf4 19. Rfe1 Nce6 20. Bf1 g4 21. Nh4
Be5 22. Nf5 Qg5 23. Ne2 Ng6 24. Qd2 Nef4 25. Nxf4 Nxf4 26. Ne7+ Kh8 27. Nxc8
Raxc8 28. Qd7 Ne6 29. Bxe5+ Qxe5 30. Qxb7 g3 31. Qb3 Rb8 32. Qc3 Qxc3 33. bxc3
Rb2 34. hxg3 Kg7 35. Re2 Rfb8 36. Rxb2 Rxb2 37. a4 Nc5 38. Bd3 Ra2 39. Kh2 Rxa4
40. e5 a5 41. Be2 Ra2 42. Bf3 a4 43. Bxc6 a3 44. Rd5 Nb3 45. Ba4 Nd2 46. Ra5
Rb2 47. Bd1 Nxc4 48. Ra4 Ne3 49. Bf3 a2 50. Be4 Ng4+ 51. Kh3 Nf2+ 52. Kh4 Nxe4
53. c4 Nc5 {CubanKnight67 won by resignation} 0-1